 Dungeon Crawl Stone Soup version 0.16-b1 (webtiles) character file.

621 abixa the Chopper (level 7, -2/57 HPs)
             Began as a Hill Orc Berserker on Mar 6, 2015.
             Was an Elder of Trog.
             Killed from afar by an orc wizard (4 damage)
             ... with a puff of flame
             ... on level 5 of the Dungeon.
             The game lasted 00:10:12 (4596 turns).

abixa the Chopper (Hill Orc Berserker)              Turns: 4596, Time: 00:10:12

Health: -2/57      AC:  7    Str: 20    XL:     7   Next: 46%
Magic:  7/7        EV: 11    Int:  7    God:    Trog [****..]
Gold:   239        SH:  0    Dex: 12    Spells: 0 memorised, 6 levels left

rFire  . . .     SeeInvis .     G - +0 war axe
rCold  . . .     Clarity  .     y - +0 ring mail
rNeg   . . .     SustAb   .     (no shield)
rPois  .         Gourm    .     k - +0 helmet (curse)
rElec  .         Spirit   .     (no cloak)
rCorr  .         Warding  .     x - +0 pair of gloves
rMut   .         Stasis   .     (no boots)
MR     .....                    (no amulet)
Stlth  +.........               (no ring)
                                (no ring)

@: not resistant to hostile enchantments, very unstealthy
A: no striking features
a: Burn Spellbooks, Berserk, Trog's Hand, Brothers in Arms, Renounce Religion


You were on level 5 of the Dungeon.
You worshipped Trog.
Trog was greatly pleased with you.
You were near starving.

You visited 1 branch of the dungeon, and saw 5 of its levels.

You collected 239 gold pieces.

Inventory:

Hand weapons
 B - a +0 halberd
 G - a +0 war axe (weapon)
Missiles
 f - 7 poisoned needles
 h - 173 stones (quivered)
 A - 7 steel tomahawks
 E - 4 steel javelins
Armour
 k - a cursed +0 helmet (worn)
 x - a +0 pair of gloves (worn)
 y - a +0 ring mail (worn)
 F - a +2 hat
Jewellery
 t - an uncursed ring of ice {unknown}
 w - an uncursed ring of positive energy {unknown}
Scrolls
 a - a scroll of blinking {unknown}
 b - a scroll of fog {unknown}
 d - a scroll of random uselessness {unknown}
 e - 2 scrolls of amnesia {unknown}
 i - 4 scrolls of identify {unknown}
 j - 3 scrolls of enchant weapon {unknown}
 m - 6 scrolls of remove curse {unknown}
 n - 2 scrolls of noise {unknown}
 r - a scroll of magic mapping {unknown}
 D - a scroll of teleportation {unknown}
Potions
 g - a potion of degeneration {unknown}
 l - a potion of beneficial mutation {unknown}
 p - a potion of magic {unknown}
 v - 2 potions of heal wounds {unknown}
 z - a potion of resistance {unknown}
 C - 2 potions of curing {unknown}
Books
 o - a book of Unlife

   Spells                             Type                      Level
   a - Recall                         Summoning/Translocation      3
   b - Animate Dead                   Necromancy                   4
   c - Control Undead                 Necromancy                   4
   d - Cigotuvi's Embrace             Necromancy                   5
   e - Death Channel                  Necromancy                   6
   f - Simulacrum                     Ice/Necromancy               6
   Trog disapproves of the use of such an item.
 u - a book of Geomancy

   Spells                             Type                      Level
   a - Sandblast                      Earth                        1
   b - Stoneskin                      Transmutation/Earth          2
   c - Passwall                       Transmutation/Earth          3
   d - Stone Arrow                    Conjuration/Earth            3
   e - Petrify                        Transmutation/Earth          4
   f - Lee's Rapid Deconstruction     Earth                        5
   Trog disapproves of the use of such an item.
Comestibles
 c - 2 meat rations
 q - 3 fruits
 s - 2 bread rations


   Skills:
 - Level 3.6 Fighting
 + Level 7.2 Axes
 - Level 6.2 Throwing
 - Level 2.1 Armour
 - Level 1.5 Dodging


You had 6 spell levels left.
You didn't know any spells.

Dungeon Overview and Level Annotations

Branches:
Dungeon (5/15)
 Temple: D:4-7

Altars:
Cheibriados
Qazlal
Sif Muna
Xom
Yredelemnul


Message History

You miss something. Something hits you.
* * * LOW HITPOINT WARNING * * *
Something hits you but does no damage.
You miss something.
You hear some strange, mumbled words.
The magic dart hits you!
* * * LOW HITPOINT WARNING * * *
You hear some strange, mumbled words.
A puff of flame appears from out of thin air!
The puff of flame misses you.
You hear some strange, mumbled words.
A puff of flame appears from out of thin air!
The puff of flame hits you!
* * * LOW HITPOINT WARNING * * *
You miss something.
You feel less confused.
You hear some strange, mumbled words.
A puff of flame appears from out of thin air!
The puff of flame hits you!
You die...

##.##................
...##...........##..
............###.##.#
..####..#..####..#.# ##
##.......##.#.#
.##########.#..#...#
...............#..#
..###..........#..#######
.................@{)....#
.##.#.............))###..#
.##...........#.#...#
..#...........#.#..##
#..>............#.##
..................#
........ ....##....
........ ... .....
.....### .....


There were no monsters in sight!

Vanquished Creatures
  An ogre (D:4)
  A gnoll sergeant (D:2)
  A crimson imp (D:5)
  A giant frog zombie (D:5)
  A centaur skeleton (D:4)
  A hound (D:4)
  A human skeleton (D:2)
  2 orc wizards
  4 gnolls
  13 adders
  A worm (D:2)
  An adder skeleton (D:5)
  An adder zombie (D:5)
  3 giant geckos
  15 orcs
  8 bats
  A bat skeleton (D:4)
  5 giant cockroaches
  9 goblins
  10 hobgoblins
  6 jackals
  15 kobolds
  3 ball pythons (D:3)
  A giant gecko skeleton (D:5)
  A giant gecko zombie (D:5)
  5 giant newts
  A jackal zombie (D:2)
  13 rats
125 creatures vanquished.

Vanquished Creatures (others)
  A human (D:2)
  A gnoll (D:2)
2 creatures vanquished.

Grand Total: 127 creatures vanquished

Notes
Turn   | Place    | Note
--------------------------------------------------------------
     0 | D:1      | abixa, the Hill Orc Berserker, began the quest for the Orb.
     0 | D:1      | Reached XP level 1. HP: 19/19 MP: 1/1
   209 | D:1      | Reached XP level 2. HP: 20/26 MP: 2/2
   404 | D:1      | Reached skill level 1 in Throwing
   508 | D:2      | Reached XP level 3. HP: 7/31 MP: 3/3
   513 | D:2      | Acquired Trog's second power
   745 | D:2      | Found a stormy altar of Qazlal.
  1202 | D:2      | Reached XP level 4. HP: 34/39 MP: 4/4
  1309 | D:2      | Noticed a human
  1310 | D:2      | Found a runed door.
  1330 | D:2      | Found a basalt altar of Yredelemnul.
  1477 | D:2      | Found a snail-covered altar of Cheibriados.
  1496 | D:2      | Killed a human
  1565 | D:2      | Reached XP level 5. HP: 45/45 MP: 5/5
  2319 | D:2      | Found a shimmering altar of Xom.
  2388 | D:3      | Found a deep blue altar of Sif Muna.
  2797 | D:3      | Reached skill level 5 in Throwing
  2834 | D:3      | Reached XP level 6. HP: 51/51 MP: 6/6
  3550 | D:4      | Received a gift from Trog
  3585 | D:4      | Acquired Trog's third power
  3767 | D:4      | Reached skill level 6 in Throwing
  3801 | D:4      | Received a gift from Trog
  4032 | D:4      | Reached skill level 5 in Axes
  4144 | D:4      | Reached XP level 7. HP: 57/57 MP: 7/7
  4260 | D:5      | Entered Level 5 of the Dungeon
  4540 | D:5      | Reached skill level 7 in Axes
  4595 | D:5      | HP: 2/57 [something/puff of flame (8)]
  4596 | D:5      | Killed from afar by an orc wizard

Action                   |  1- 3 |  4- 6 |  7- 9 || total
-------------------------+-------+-------+-------++-------
Melee: Hand axe          |   106 |   257 |    61 ||   424
       War axe           |       |       |    43 ||    43
Throw: Stone             |     2 |    15 |       ||    17
Invok: Berserk           |     3 |     5 |       ||     8
  Eat: Chunk             |     3 |    14 |     1 ||    18
       Fruit             |       |       |     1 ||     1
